 Dungeon Crawl Stone Soup version 0.21.1-1-g345015f (webtiles) character file.

2 inc the Vexing (level 1, 0/7 HPs)
             Began as a Felid Enchanter on Mar 10, 2018.
             Slain by a bat (1 damage)
             ... on level 1 of the Dungeon.
             The game lasted 00:00:19 (268 turns).

inc the Vexing (Felid Enchanter)                     Turns: 268, Time: 00:00:20

Health: 0/7        AC:  1    Str:  4    XL:     1   Next: 25%
Magic:  4/4        EV: 18    Int: 16    God:
Gold:   27         SH:  0    Dex: 16    Spells: 3/4 levels left
                                        Lives:  0   Deaths: 0

rFire    . . .     SeeInvis +     - Unarmed
rCold    . . .     Gourm    .   (shield unavailable)
rNeg     . . .     Faith    .   (armour unavailable)
rPois    .         Spirit   .   (helmet unavailable)
rElec    .         Reflect  .   (cloak unavailable)
rCorr    .         Harm     .   (gloves unavailable)
MR       .....                  (boots unavailable)
Stlth    +++.......             (no amulet)
HPRegen  0.02/turn              (no ring)
MPRegen  0.09/turn              (no ring)

@: quick
A: very small, no armour, no weapons or thrown items, stealth, claws 1, fangs 3,
see invisible, carnivore, speed 1, shaggy fur 1, slow metabolism 1, sharp paws
a: no special abilities


You were on level 1 of the Dungeon.
You were not hungry.

You visited 1 branch of the dungeon, and saw 1 of its levels.

You collected 27 gold pieces.

Inventory:

Jewellery
 e - an uncursed ring of protection from cold {unknown}
Potions
 c - a potion of flight {unknown}
 d - a potion of mutation {unknown}
 f - 2 potions of curing {unknown}
Books
 a - a book of Maledictions

   Spells                             Type                      Level
   a - Corona                         Hexes                        1
   b - Ensorcelled Hibernation        Hexes/Ice                    2
   c - Confuse                        Hexes                        3
   d - Tukima's Dance                 Hexes                        3
   e - Dazzling Spray                 Conjuration/Hexes            3
Comestibles
 b - a ration


   Skills:
 - Level 2.6 Dodging
 - Level 4.0 Stealth
 + Level 1.3 Unarmed Combat
 - Level 2.0 Spellcasting
 - Level 4.4 Hexes


You had 3 spell levels left.
You knew the following spells:

 Your Spells              Type           Power        Failure   Level  Hunger
a - Corona                Hex            ###....      3%          1    #......


Dungeon Overview and Level Annotations

Branches:
Dungeon (1/15)

Altars:


Innate Abilities, Weirdness & Mutations

You cannot wear armour.
You are incapable of wielding weapons or throwing items.
Your paws allow you to move quietly. (Stealth)
You have sharp claws.
You have razor-sharp teeth.
You have supernaturally acute eyesight. (SInv)
You are carnivorous and can eat meat at any time.
You cover ground quickly.
You are covered in fur. (AC +1)
You have a slow metabolism.
Your sharp claws are effective at attacking unaware monsters.


Message History

You are too injured to fight recklessly!
You are too injured to fight recklessly!
You are too injured to fight recklessly!
You are too injured to fight recklessly!
You are too injured to fight recklessly!
You are too injured to fight recklessly!
You are too injured to fight recklessly!
You are too injured to fight recklessly!
You are too injured to fight recklessly!
You are too injured to fight recklessly!
You are too injured to fight recklessly!
You are too injured to fight recklessly!
The bat misses you.
You see here 4 tomahawks of returning.
The bat completely misses you. The bat hits you but does no damage.
The bat misses you. The bat misses you. x2
The bat hits you but does no damage. The bat hits you.
You die...

...##.....†................#
...##............#.........#
.................#.........#
.................#.........#
.............#####..#g(....#
.............# #.g+......#
.............# #.##......####
.............#####.....>##....#
##...........#..@b............#
##..........#..##♣♣♣.♣♣♣##...#
#...####...#..# ♣⌠♣ #...# #...#
#...#..♣♣♣♣♣.♣♣♣♣♣...# #...#
#...#.....⌠.<.⌠.....## #...#
#...#..♣♣♣♣♣.♣♣♣♣♣..# #...#
#...#..# ♣⌠♣ #..# #...#
#......##♣♣♣.♣♣♣##..# #...#
####................#


You could see a bat.

Vanquished Creatures
  2 bats (D:1)
  A rat (D:1)
3 creatures vanquished.

Notes
Turn   | Place    | Note
-------+----------+-------------------------------------------
     0 | D:1      | inc the Felid Enchanter began the quest for the Orb.
     0 | D:1      | Reached XP level 1. HP: 7/7 MP: 4/4
   268 | D:1      | Slain by a bat

Action                   || total
-------------------------++-------
Melee: Unarmed           ||    13
       Bite              ||     2
 Stab: Sleeping          ||     1
Armor: Skin              ||     3
Dodge: Dodged            ||    23
